 Dungeon Crawl Stone Soup version 0.23-a0-169-gb21e695 (webtiles) character file.

16 KristoblXynda the Vandal (level 2, -4/27 HPs)
             Began as a Halfling Arcane Marksman on Sept 11, 2018.
             Slain by a worker ant (5 damage)
             ... on level 2 of the Dungeon.
             The game lasted 00:03:34 (857 turns).

KristoblXynda the Vandal (Halfling Arcane Marksman)  Turns: 857, Time: 00:03:34

Health: -4/27      AC: 21    Str: 11    XL:     2   Next: 70%
Magic:  2/3        EV:  3    Int: 11    God:
Gold:   34         SH:  0    Dex: 19    Spells: 0/3 levels left

rFire    + . .     SeeInvis .   c - +0 dagger
rCold    + . .     Gourm    .   (shield restricted)
rNeg     + + +     Faith    .   (armour currently unavailable)
rPois    +         Spirit   .   (helmet currently unavailable)
rElec    +         Reflect  .   (cloak currently unavailable)
rCorr    +         Harm     .   (gloves currently unavailable)
MR       .....     NoTele   +   (boots currently unavailable)
Stlth    +++.......             (no amulet)
HPRegen  0.09/turn              h - ring of wizardry
MPRegen  0.08/turn              (no ring)

@: agile, tree-form, resistant
A: small, mutation resistance 1
a: no special abilities


You were on level 2 of the Dungeon.
You were not hungry.
You were a tree.
You visited 1 branch of the dungeon, and saw 2 of its levels.

You collected 34 gold pieces.

Inventory:

Hand Weapons
 a - a +0 hunting sling
 c - a +0 dagger (weapon)
Missiles
 d - 34 sling bullets
Armour
 e - a +0 robe (melded)
Jewellery
 h - a ring of wizardry (left branch)
Scrolls
 g - a scroll of magic mapping {unknown}
 j - 2 scrolls of remove curse {unknown}
 k - a scroll of teleportation {unknown}
 m - a scroll of noise {unknown}
Comestibles
 f - a ration


   Skills:
 - Level 0.8 Fighting
 + Level 3.5 Slings
 - Level 2.1 Dodging
 + Level 1.3 Stealth
 - Level 1.0 Spellcasting
 + Level 2.7 Hexes


You couldn't memorise any spells.
You knew the following spells:

 Your Spells              Type           Power        Failure   Level  Hunger
a - Corona                Hex            #......      4%          1    ##.....
b - Slow                  Hex            #.......     6%          2    ###....

Your spell library contained the following spells:

 Spells                   Type           Power        Failure   Level  Hunger
 Inner Flame              Hex/Fire       #.......     22%         3    ####...
 Portal Projectile        Hex/Tloc       #.....       22%         3    ####...
 Cause Fear               Hex            #.........   38%         4    #####..
 Leda's Liquefaction      Hex/Erth       #.........   56%         4    #####..


Dungeon Overview and Level Annotations

Branches:
Dungeon (2/15)

Altars:


Innate Abilities, Weirdness & Mutations

You are small and have problems with some larger weapons.
You are somewhat resistant to further mutation.


Message History

You hit the worker ant but do no damage.
The worker ant is heavily wounded.
The worker ant bites you but does no damage.
You barely miss the worker ant.
The worker ant is heavily wounded.
The worker ant barely misses you.
You hit the worker ant but do no damage.
The worker ant is heavily wounded.
The worker ant bites you but does no damage. x2
You hit the worker ant but do no damage.
The worker ant is heavily wounded.
The worker ant bites you but does no damage.
You hit the worker ant.
The worker ant is heavily wounded.
The worker ant bites you.
* * * LOW HITPOINT WARNING * * *
You hit the worker ant but do no damage.
The worker ant is heavily wounded.
The worker ant bites you.
You die...

#### ... ###.###
#..... ##.#.#
########....####..
#.♣...............
#a##.#.#..<#####.#
#.##.#.#####
#.##.#.# #)##.#.#
###"##.#.#
#........#
#.####.### #.# #.#


You could see a worker ant.

Vanquished Creatures
  2 dart slugs (D:1)
  3 goblins (D:1)
  4 hobgoblins
  A bat (D:1)
10 creatures vanquished.

Notes
Turn   | Place    | Note
-------+----------+-------------------------------------------
     0 | D:1      | KristoblXynda the Halfling Arcane Marksman began the quest
                  | for the Orb.
     0 | D:1      | Reached XP level 1. HP: 12/12 MP: 2/2
   118 | D:1      | Reached XP level 2. HP: 17/18 MP: 3/3
   194 | D:1      | Reached skill level 1 in Stealth
   488 | D:1      | Learned a level 2 spell: Slow
   856 | D:2      | HP: 1/27 [worker ant (2)]
   857 | D:2      | Slain by a worker ant

Vault maps used:
D:1:      co_arrival_hexagon_in_a_hexagon

Skill      XL: |  1  2 |
---------------+-------+-----
Stealth        | 1 |  1.3
Fighting       | |  0.8
Slings         | |  3.5
Dodging        | |  2.1
Spellcasting   | |  1.0
Hexes          | |  2.7

Action                   || total
-------------------------++-------
Melee: Dagger            ||    17
 Fire: Hunting sling     ||    29
 Cast: Slow              ||     3
  Use: Potion            ||     3
       Scroll            ||     2
Armor: Robe              ||     3
       Skin              ||    17
Dodge: Dodged            ||    12

Table legend:
 A = Non-vault XP
 B = Vault XP
 C = Vault XP percentage of total XP
 D = Non-vault monster count
 E = Vault monster count
 F = Vault count percentage of total count
                 A         B        C        D         E       F
            +---------+---------+-------+---------+---------+-------
      Total |      23 |       0 |   0.0 |      10 |       0 |   0.0
            +---------+---------+-------+---------+---------+-------
        D:1 |      21 |       0 |   0.0 |       9 |       0 |   0.0
        D:2 |       2 |       0 |   0.0 |       1 |       0 |   0.0
            +---------+---------+-------+---------+---------+-------
